 Dungeon Crawl Stone Soup version 0.24.0-13-gcf9b319 (webtiles) character file.

Game seed: 9154452949271556243, levelgen mode: deterministic

112 Balder the Shield-Bearer (level 4, -8/40 HPs)
             Began as a Hill Orc Fighter on Apr 21, 2020.
             Mangled by Crazy Yiuf
             ... wielding a +4 quarterstaff of chaos
              (11 damage)
             ... on level 2 of the Dungeon.
             The game lasted 00:05:27 (2239 turns).

Balder the Shield-Bearer (Hill Orc Fighter)         Turns: 2239, Time: 00:05:27

Health: -8/40      AC:  7    Str: 18    XL:     4   Next: 93%
Magic:  4/4        EV:  7    Int:  8    God:
Gold:   114        SH:  9    Dex: 11    Spells: 3/3 levels left

rFire    . . .     SeeInvis .   a - +0 war axe
rCold    . . .     Gourm    .   c - +0 shield
rNeg     . . .     Faith    .   b - +0 scale mail
rPois    .         Spirit   .   (no helmet)
rElec    .         Reflect  .   (no cloak)
rCorr    .         Harm     .   (no gloves)
MR       .....                  (no boots)
Stlth    ..........             (no amulet)
HPRegen  0.13/turn              (no ring)
MPRegen  0.09/turn              (no ring)

@: no status effects
A: no striking features
a: no special abilities


You were on level 2 of the Dungeon.
You were hungry.

You visited 1 branch of the dungeon, and saw 2 of its levels.

You collected 114 gold pieces.

Inventory:

Hand Weapons
 a - a +0 war axe (weapon)
 p - a +0 war axe of flaming
Armour
 b - a +0 scale mail (worn)
 c - a +0 shield (worn)
 n - a +0 pair of boots
Wands
 o - a wand of iceblast (21)
Scrolls
 g - 3 scrolls of identify {unknown}
 h - a scroll of enchant weapon {unknown}
 i - a scroll of blinking {unknown}
 j - 2 scrolls of noise {unknown}
 k - a scroll of remove curse {unknown}
 q - a scroll of fear {unknown}
Potions
 d - a potion of might
 e - a potion of agility
 l - 2 potions of flight
Comestibles
 f - 5 rations


   Skills:
 * Level 4.0 Fighting
 * Level 4.4 Axes
 * Level 3.8 Armour
 * Level 4.4 Shields


You had 3 spell levels left.
You didn't know any spells.
Your spell library was empty.

Dungeon Overview and Level Annotations

Branches:
Dungeon (2/15)

Altars:

Annotations:
D:2 Crazy Yiuf


Message History

You are electrocuted!!
You are feeling hungry.
You slash Crazy Yiuf!
Crazy Yiuf is heavily wounded.
Crazy Yiuf hits you with a +4 quarterstaff of chaos.
* * * LOW HITPOINT WARNING * * *
Crazy Yiuf freezes you.
* * * LOW HITPOINT WARNING * * *
You hit Crazy Yiuf.
Crazy Yiuf is severely wounded.
You block Crazy Yiuf's attack.
You hit Crazy Yiuf.
Crazy Yiuf is almost dead.
Crazy Yiuf yells, "Fluff!"
Crazy Yiuf hits you with a +4 quarterstaff of chaos!
* * * LOW HITPOINT WARNING * * *
You hit Crazy Yiuf but do no damage.
Crazy Yiuf is almost dead.
Crazy Yiuf hits you with a +4 quarterstaff of chaos!
You die...

#.....###.##.#....#
#.......#.#...###.#
#..............##...
#.################### #.#
#.# ###♣♣♣♣♣
#.###....♣.♣♣♣ ###
#.##......♣..♣#...#
#........♣♣♣♣@g...#
####....♣♣ ♣♣#..)# ####♣♣
### ###### #....#
#.##.##################
#.##.#...............(####
#.##.#.#####...##........#
#......# #.....#.....##.#


You could see Crazy Yiuf.

Vanquished Creatures
  Natasha (twice) (D:2)
  2 adders (D:2)
  An ooze (D:2)
  A worm (D:2)
  2 dart slugs (D:1)
  3 leopard geckos
  3 bats
  5 giant cockroaches
  5 goblins
  4 hobgoblins
  2 frilled lizards (D:1)
  2 kobolds (D:2)
  A rat (D:2)
33 creatures vanquished.

Notes
Turn   | Place    | Note
-------+----------+-------------------------------------------
     0 | D:1      | Balder the Hill Orc Fighter began the quest for the Orb.
     0 | D:1      | Reached XP level 1. HP: 19/19 MP: 1/1
   175 | D:1      | Reached XP level 2. HP: 16/27 MP: 2/2
   537 | D:1      | Reached XP level 3. HP: 32/33 MP: 3/3
  1174 | D:2      | Noticed Natasha
  1197 | D:2      | Killed Natasha
  1197 | D:2      | Reached XP level 4. HP: 6/40 MP: 4/4
  1907 | D:2      | Found a faded altar of an unknown god.
  1925 | D:2      | Noticed Natasha
  1939 | D:2      | Killed Natasha
  2228 | D:2      | Found a runed translucent door.
  2229 | D:2      | Noticed Crazy Yiuf
  2238 | D:2      | HP: 2/40 [Crazy Yiuf/+4 quarterstaff of chaos (7)]
  2239 | D:2      | Mangled by Crazy Yiuf

Levels and vault maps discovered:
D:1:      dpeg_arrival_tiny_b, layout_loops_ring
D:2:      layout_loops_corners, chequers_ecumenical_altar_twisty,
          hangedman_feature_mirror, uniq_crazy_yiuf_cottage, uniq_natasha

Skill      XL: |  1  2  3  4 |
---------------+-------------+-----
Axes           | 3 4 |  4.4
Fighting       | 4 |  4.0
Shields        | 4 |  4.4
Armour         | |  3.8

Action                   |  1- 3 |  4- 6 || total
-------------------------+-------+-------++-------
Melee: War axe           |   110 |    50 ||   160
  Use: Potion            |     4 |       ||     4
  Eat: Chunk             |     1 |     3 ||     4
Armor: Scale mail        |    44 |    16 ||    60
Dodge: Dodged            |    31 |    12 ||    43
Block: Shield            |    63 |    21 ||    84
